 Dungeon Crawl Stone Soup version 0.28-a0-10-g964c8b829e (webtiles) character file.

Game seed: 10027525619239807171

420 HAL9000 the Changer (level 6, -4/47 HPs)
             Began as a Draconian Transmuter on July 25, 2021.
             Slain by an iguana (10 damage)
             ... on level 4 of the Dungeon.
             The game lasted 00:06:14 (4328 turns).

HAL9000 the Changer (Draconian Transmuter)          Turns: 4328, Time: 00:06:14

Health: -4/47      AC:  2    Str: 13    XL:     6   Next: 62%
Magic:  7/9        EV: 19    Int: 15    God:
Gold:   109        SH:  0    Dex: 16    Spells: 3/9 levels left

rFire   . . .      SeeInvis .     - Unarmed
rCold   . . .      Faith    .   (shield currently unavailable)
rNeg    . . .      Spirit   .   (armour unavailable)
rPois   x          Reflect  .   (helmet currently unavailable)
rElec   .          Harm     .   (cloak currently unavailable)
rCorr   .          Rampage  .   (gloves currently unavailable)
Will    .....                   (boots currently unavailable)
Stlth   +.........              (no amulet)
HPRegen 0.15/turn               (no ring)
MPRegen 0.11/turn               (no ring)

@: spider-form
A: venomous fangs, AC +6, tiny, unfitting armour, (cold-blooded)
a: End Transformation


You were on level 4 of the Dungeon.
You were a venomous arachnid creature.
You visited 1 branch of the dungeon, and saw 4 of its levels.

You collected 109 gold pieces.

Inventory:

Hand Weapons
 a - a +2 whip of flaming
 b - a +0 vorpal hunting sling
Missiles
 i - 4 atropa-tipped darts
 j - 131 stones
 l - 21 poisoned darts (quivered)
 m - 39 sling bullets
Armour
 e - a +2 cloak (melded)
Jewellery
 k - a ring of ice
 p - a ring of fire
Wands
 q - a wand of digging (6)
Scrolls
 f - a scroll of amnesia {unknown}
 h - a scroll of blinking {unknown}
 n - 3 scrolls of enchant armour {unknown}
Potions
 c - a potion of brilliance {unknown}
 d - 2 potions of curing {unknown}
 g - 2 potions of cancellation {unknown}
 o - a potion of haste {unknown}


   Skills:
 - Level 1.1 Fighting
 - Level 1.7 Dodging
 - Level 3.0 Unarmed Combat
 - Level 2.0 Spellcasting
 + Level 7.2 Transmutations


You had 3 spell levels left.
You knew the following spells:

 Your Spells              Type           Power      Damage    Failure   Level
a - Beastly Appendage     Tmut           46%        N/A       5%          1
b - Wereblood             Tmut           23%        N/A       8%          2
c - Spider Form           Tmut/Pois      6%         N/A       34%         3

Your spell library contained the following spells:

 Spells                   Type           Power      Damage    Failure   Level
 Ice Form                 Ice/Tmut       12%        N/A       67%         4


Dungeon Overview and Level Annotations

Branches:
Dungeon (4/15)
 Temple: D:4-7

Altars:
Kikubaaqudgha


Innate Abilities, Weirdness & Mutations

You are a venomous arachnid creature.
You have poisonous fangs.
You are tiny and dextrous.
Your spellcasting is less reliable in this form.
Your armour is entirely melded.
You are incapable of wielding weapons or throwing items.
((Your plain brown scales are hard. (AC +6)))
You cannot fit into any form of body armour.
((You are cold-blooded and may be slowed by cold attacks.))


Message History

The orc hits you with a +0 dagger.
You hit the orc. Your kick misses the orc. You headbutt the orc.
You kill the orc!
The iguana bites you.
Things that are here:
a +0 hand axe; a +0 ring mail; an orc corpse You closely miss the iguana.
Your kick misses the iguana.
Your tail-slap misses the iguana.
The iguana bites you but does no damage.
You hit the iguana. You claw the iguana, but do no damage.
The iguana is lightly wounded.
The iguana bites you!
You closely miss the iguana. Your kick misses the iguana.
The iguana is lightly wounded.
The iguana bites you.
You completely miss the iguana.
The iguana is lightly wounded.
The iguana bites you!
* * * LOW HITPOINT WARNING * * *
You completely miss the iguana.
The iguana is lightly wounded.
The iguana bites you but does no damage.
Your transformation is almost over.
Your horns disappear.
Your talons disappear.
Casting: Beastly Appendage (safe; 1% risk of failure)
Confirm with . or Enter, or press ? or * to list all spells.
You turn into a venomous arachnid creature.
Your +2 cloak melds into your body.
The iguana barely misses you.
You hit the iguana but do no damage.
The iguana is poisoned.
The iguana is lightly wounded.
The iguana misses you.
There is an open door here.
You hit the iguana.
The iguana looks even sicker.
The iguana is heavily wounded.
The iguana bites you.
* * * LOW HITPOINT WARNING * * *
You hit the iguana but do no damage.
The iguana looks as sick as possible!
The iguana is severely wounded.
The iguana bites you!
You die...

####### #.....# ########<###.#
#........###.###########
#..........>...........##
#.......###..#########..#
######..# #..###........#####
#######..# #..l.'.............
.........####s###.........##..
########......# #.........##..
#.....### #.........##).
#####.#....# #.........##..
.#####.....#.#..#
#########..#..
...........#.#..# ##.###
#....>.#......###### .#
#..................#
#............####++#


You could see an iguana (extremely poisoned).

Vanquished Creatures
  Edmund (D:4)
  A water moccasin skeleton (D:4)
  A howler monkey (D:4)
  A jelly (D:4)
  Terence (D:2)
  A hound skeleton (D:4)
  3 adders
  A worm (D:3)
  6 dart slugs
  7 orcs
  10 ball pythons
  7 endoplasms
  4 giant cockroaches
  7 goblins
  10 hobgoblins
  9 jackals
  4 quokkas
  10 bats
  5 frilled lizards
  4 kobolds
  5 rats
98 creatures vanquished.

Notes
Turn   | Place    | Note
-------+----------+-------------------------------------------
     0 | D:1      | HAL9000 the Draconian Transmuter began the quest for the
                  | Orb.
     0 | D:1      | Reached XP level 1. HP: 16/16 MP: 3/3
   312 | D:1      | Reached XP level 2. HP: 23/23 MP: 3/5
   401 | D:1      | Reached skill level 3 in Transmutations
   744 | D:1      | Learned a level 2 spell: Wereblood
   989 | D:1      | Reached XP level 3. HP: 28/28 MP: 4/6
  1142 | D:2      | Learned a level 3 spell: Spider Form
  1413 | D:2      | Noticed Terence
  1445 | D:2      | Killed Terence
  1446 | D:2      | Reached skill level 4 in Transmutations
  1446 | D:2      | Reached XP level 4. HP: 7/35 MP: 2/7
  2081 | D:2      | Found a faded altar of an unknown god.
  2569 | D:3      | Found an ancient bone altar of Kikubaaqudgha.
  2856 | D:3      | Reached skill level 5 in Transmutations
  3370 | D:3      | Reached XP level 5. HP: 40/40 MP: 6/8
  3947 | D:4      | Reached skill level 6 in Transmutations
  3952 | D:4      | Reached XP level 6. HP: 29/47 MP: 3/9
  4192 | D:4      | Noticed Edmund
  4209 | D:4      | Killed Edmund
  4210 | D:4      | Reached skill level 7 in Transmutations
  4328 | D:4      | Slain by an iguana

Illustrated notes

Levels and vault maps discovered:
D:1:      wander_arrival_desolate, layout_rooms
D:2:      layout_loops_cross, ebering_ecumenical_altar_box, chequers_garden,
          kennysheep_generic_room_14, uniq_terence
D:3:      minmay_razor_zed, layout_loops_ring, lemuel_doored_altar
D:4:      kennysheep_big_flooded_room, layout_basic, minmay_misc_feat_hallway,
          chequers_serial_rivers_small_3, uniq_menkaure, uniq_edmund

Skill      XL: |  1  2  3  4  5  6 |
---------------+-------------------+-----
Transmutations | 3 4 5 6 7 |  7.2
Fighting       | |  1.1
Dodging        | |  1.7
Unarmed Combat | |  3.0
Spellcasting   | |  2.0

Action                   |  1- 3 |  4- 6 || total
-------------------------+-------+-------++-------
Melee: Unarmed           |   123 |   237 ||   360
       Kick              |    10 |    23 ||    33
       Headbutt          |     9 |    16 ||    25
       Tailslap          |     6 |    15 ||    21
       Punch             |       |     3 ||     3
Throw: Dart              |       |     4 ||     4
 Cast: Beastly Appendage |    17 |    23 ||    40
       Spider Form       |     1 |     3 ||     4
 Stab: Sleeping          |       |     2 ||     2
Armor: Skin              |    63 |   107 ||   170
Dodge: Dodged            |   107 |   136 ||   243

Table legend: (Time is in decaauts)
 A = Elapsed time spent in this place.
 B = Non-inter-level travel time spent in this place.
 C = Inter-level travel time spent in this place.
 D = Time resting spent in this place.
 E = Time spent auto-exploring this place.
 F = Levels seen in this place.
 G = Mean time per level.
                   A        B        C        D        E       F      G
               +--------+--------+--------+--------+--------+-----+--------+
         Total |   4311 |   4114 |    197 |    672 |   2716 |   4 | 1077.8 |
       Dungeon |   4311 |   4114 |    197 |    672 |   2716 |   4 | 1077.8 |
               +--------+--------+--------+--------+--------+-----+--------+

Top non-repeatable levels by time:
     D:3: 1385 daAuts
     D:2: 1356 daAuts
     D:1: 1121 daAuts
     D:4: 448 daAuts
